 Dungeon Crawl Stone Soup version 0.31-a0-188-g5e087ee2ca (webtiles) character file.

Game seed: 4360775740092170478

98 qw the Shooter (level 4, -1/23 (25) HPs)
             Began as a Deep Elf Hunter on June 22, 2023.
             Slain by an orc
             ... wielding a +0 trident
              (7 damage)
             ... on level 3 of the Dungeon.
             The game lasted 00:00:44 (1698 turns).

qw the Shooter (Deep Elf Hunter)                    Turns: 1698, Time: 00:00:44

HP:   -1/23 (25)    AC:  6    Str: 10    XL:     4   Next: 43%
MP:   0/6           EV: 11    Int: 14    God:
Gold: 41            SH:  0    Dex: 18    Spells: 3/3 levels left

rFire   . . .        Y - +0 shortbow
rCold   . . .        (shield currently unavailable)
rNeg    + . .        m - +0 ring mail
rPois   .            (no helmet)
rElec   .            e - +0 cloak
rCorr   .            (no gloves)
SInv    .            (no boots)
Will    .....        c - amulet of guardian spirit
Stlth   +            g - ring of positive energy
HPRegen 0.23/turn    (no ring)
MPRegen 0.10/turn

%: guardian spirit
@: drained
A: no striking features
a: no special abilities


You were on level 3 of the Dungeon.
You visited 1 branch of the dungeon, and saw 3 of its levels.

You collected 105 gold pieces.
You spent 64 gold pieces at shops.


   Skills:
 - Level 1.5 Fighting
 + Level 7.9 Ranged Weapons
 - Level 2.4 Dodging
 - Level 1.2 Stealth


You had 3 spell levels left.
You didn't know any spells.
Your spell library was empty.

Inventory:

Hand Weapons
 Y - a +0 shortbow (weapon)
Armour
 e - a +0 cloak (worn)
 m - a +0 ring mail (worn)
Jewellery
 c - an amulet of guardian spirit (around neck)
 g - a ring of positive energy (left hand)
Scrolls
 n - 2 scrolls of teleportation
Potions
 a - a potion of attraction {unknown}
 d - 2 potions of curing
 f - a potion of cancellation {unknown}
 o - a potion of lignification {unknown}

Dungeon Overview and Level Annotations

Branches:
Dungeon (3/15)

Altars:

Shops:
D:2 *


Message History

An orc comes into view. It is wielding a +0 trident.
You shoot an arrow. The orc shouts!
The arrow hits the orc but does no damage.
The orc is moderately wounded.
The orc hits you with a +2 hand axe of draining.
You partially resist.
You feel drained.
You shoot an arrow. The arrow hits the orc!
You kill the orc!
An orc priest comes into view. It is wielding a +0 club.
You shoot an arrow. The orc priest shouts!
The arrow hits the orc but does no damage.
A worm comes into view.
You shoot an arrow. The arrow hits the orc.
The orc is lightly wounded.
You shoot an arrow.
The arrow hits the orc but does no damage.
The orc is lightly wounded.
An orc comes into view. It is wielding a +0 mace.
The orc priest mumbles some strange prayers to Beogh against you.
Beogh smites you! The orc closely misses you.
You shoot an arrow. The arrow barely misses the orc.
The arrow barely misses the orc priest.
The arrow barely misses the worm.
A bat comes into view.
The orc hits you but does no damage.
You shoot an arrow. The arrow hits the orc.
The orc is severely wounded.
An orc priest comes into view. It is wielding a +0 dagger.
The orc hits you from afar with a +0 trident.
You shoot an arrow. The arrow completely misses the bat.
The orc priest shouts!
The bat hits you but does no damage.
The orc hits you from afar with a +0 trident!
The orc barely misses you.
The orc priest casts a cantrip, but nothing happens.
You shoot an arrow. The arrow barely misses the bat.
The bat hits you but does no damage.
The orc hits you from afar with a +0 trident!
You die...

#.##.# .....## 8.
#.##.# #.....#....
#.##.###.....#....
#....##.....#.#...
###..'.......wo.
#..##.....#o#
#..###.)..o#
#..#.#...).#
#..##...@%##
#..#.#..)b.#
#.###......# #.
........#
#.......#.
.....$..#.#.
##$....#[# #.
#....# # #.


You could see a worm, an orc priest, 2 orcs and a bat.

Vanquished Creatures
  4 adders (D:2)
  2 worms (D:2)
  2 orcs (D:3)
  5 ball pythons
  2 endoplasms
  A giant cockroach (D:1)
  6 goblins
  5 hobgoblins
  3 jackals (D:1)
  9 kobolds
  2 quokkas
  A bat (D:1)
  4 frilled lizards
  5 rats
51 creatures vanquished.

Notes
Turn   | Place    | Note
-------+----------+-------------------------------------------
     0 | D:1      | qw the Deep Elf Hunter began the quest for the Orb.
     0 | D:1      | Reached XP level 1. HP: 12/12 MP: 3/3
     0 | D:1      | 0 ||| qw: Version: 0.3-a-9-g12657ce
     0 | D:1      | 0 ||| qw: Game counter: 2840
     0 | D:1      | 0 ||| qw: Always use a shield: true
     0 | D:1      | 0 ||| qw: God list: Okawaru
     0 | D:1      | 0 ||| qw: Allow faded altars: false
     0 | D:1      | 0 ||| qw: Do Orc after D:15 true
     0 | D:1      | 0 ||| qw: Do second Lair branch before Depths: true
     0 | D:1      | 0 ||| qw: Lair rune preference: random
     0 | D:1      | 0 ||| qw: Plans: Normal
     0 | D:1      | 0 ||| PLANNING D:1-11
   211 | D:1      | Reached XP level 2. HP: 16/16 MP: 4/4
   217 | D:1      | Reached skill level 6 in Ranged Weapons
   286 | D:1      | 286 ||| FLEEEEING.
   287 | D:1      | 287 ||| FLEEEEING.
   288 | D:1      | 288 ||| FLEEEEING.
   463 | D:1      | You fall into a shaft and drop 1 floor!
   541 | D:2      | Reached XP level 3. HP: 17/20 MP: 5/5
   633 | D:2      | Reached skill level 7 in Ranged Weapons
   698 | D:2      | Reached XP level 4. HP: 25/25 MP: 6/6
   774 | D:2      | Found Vominab's Assorted Antiques.
   782 | D:2      | 782 ||| BUYING black potion (15 gold).
   782 | D:2      | Bought a black potion for 15 gold pieces
   782 | D:2      | 782 ||| BUYING brown potion (15 gold).
   782 | D:2      | Bought a brown potion for 15 gold pieces
   782 | D:2      | 782 ||| SHOPLISTING pair of boots (76 gold, have 52).
   782 | D:2      | 782 ||| SHOPLISTING runed ring mail (119 gold, have 52).
   782 | D:2      | 782 ||| SHOPLISTING runed sling (76 gold, have 52).
   782 | D:2      | 782 ||| BUYING scroll labelled JECAYCUECK (17 gold).
   782 | D:2      | Bought a scroll labelled JECAYCUECK for 17 gold pieces
   782 | D:2      | 782 ||| BUYING scroll labelled YWY WIWEFIE (17 gold).
   782 | D:2      | Bought a scroll labelled YWY WIWEFIE for 17 gold pieces
   934 | D:2      | 934 ||| UPGRADING to +0 cloak.
   939 | D:2      | 939 ||| UPGRADING to +0 scale mail.
   949 | D:2      | 949 ||| DROPPING +0 leather armour.
   950 | D:2      | 950 ||| UPGRADING to +0 ring mail.
   960 | D:2      | 960 ||| DROPPING +0 scale mail.
   961 | D:2      | 961 ||| UPGRADING to ring of positive energy.
   962 | D:2      | 962 ||| READING scroll labelled AFIDUL DUINO.
   963 | D:2      | 963 ||| READING scroll labelled XANTATW DOECW.
   964 | D:2      | 964 ||| READING scroll labelled PAVAKK KAQAKHO.
   965 | D:2      | 965 ||| READING scroll labelled ZEFUEFEOSMIO.
   966 | D:2      | 966 ||| READING 2 scrolls labelled YWY WIWEFIE.
   969 | D:2      | 969 ||| READING scroll labelled JECAYCUECK.
   970 | D:2      | 970 ||| DRINKING 3 brown potions.
   971 | D:2      | 971 ||| DROPPING scroll of butterflies.
  1247 | D:2      | 1247 ||| STAIRDANCE
  1568 | D:2      | 1568 ||| UPGRADING to amulet of guardian spirit.
  1573 | D:2      | 1573 ||| READING scroll labelled PISIMA GAISATONK.
  1698 | D:3      | Slain by an orc

Levels and vault maps discovered:
D:1:      dpeg_arrival_central, layout_basic
D:2:      layout_basic, serial_shops, nicolae_shop_overgrown_old_shop,
          minivault_11, minmay_fountain_box
D:3:      wad_pebble_path, layout_loops_ring, shapermc_ecumenical_altar_petra,
          minmay_tree_intersection

Skill      XL: |  1  2  3 |
---------------+----------+-----
Ranged Weapons | 6 7 |  7.9
Fighting       | |  1.5
Dodging        | |  2.4
Stealth        | |  1.2

Action                     |  1- 3 |  4- 6 || total
---------------------------+-------+-------++-------
   Fire: Shortbow          |    84 |    86 ||   170
    Use: Scroll            |       |     7 ||     7
         Potion            |       |     1 ||     1
 Armour: Leather armour    |     7 |       ||     7
         Ring mail         |       |    21 ||    21
  Dodge: Dodged            |    17 |    28 ||    45

Table legend:
 A = Non-vault XP
 B = Vault XP
 C = Vault XP percentage of total XP
 D = Non-vault monster count
 E = Vault monster count
 F = Vault count percentage of total count
                 A         B        C        D         E       F
            +---------+---------+-------+---------+---------+-------
      Total |     140 |       0 |   0.0 |      51 |       0 |   0.0
            +---------+---------+-------+---------+---------+-------
        D:1 |      38 |       0 |   0.0 |      23 |       0 |   0.0
        D:2 |      82 |       0 |   0.0 |      17 |       0 |   0.0
        D:3 |      20 |       0 |   0.0 |      11 |       0 |   0.0
            +---------+---------+-------+---------+---------+-------
